 Dungeon Crawl Stone Soup version 0.29.1-12-g30fa7ad0bf (webtiles) character file.

Game seed: 15532274233802025879

9598 croobank the Conjurer (level 11, -9/83 HPs)
             Began as a Demonspawn Conjurer on Dec 19, 2022.
             Was an Initiate of Gozag.
             Mangled by a black mamba (14 damage)
             ... on level 1 of the Lair of Beasts.
             The game lasted 00:47:43 (14893 turns).

croobank the Conjurer (Demonspawn Conjurer)        Turns: 14893, Time: 00:47:44

Health: -9/83      AC:  6    Str:  9    XL:     11   Next: 25%
Magic:  18/20      EV: 13    Int: 26    God:    Gozag
Gold:   373        SH:  0    Dex: 11    Spells: 12/22 levels left

rFire   . . .      SeeInvis +   L - staff of poison
rCold   . . .      Faith    .   (no shield)
rNeg    . . .      Spirit   .   N - +0 leather armour "Hummebaokina" {Int+3 SInv}
rPois   +          Reflect  .   (helmet unavailable)
rElec   .          Harm     .   l - +0 cloak
rCorr   .          Rampage  .   k - +0 pair of gloves
Will    .....                   m - +0 pair of boots
Stlth   +.........              (no amulet)
HPRegen 0.23/turn               (no ring)
MPRegen 0.34/turn               (no ring)

@: confused, lethally poisoned (-9 -> -36), ambrosia-drunk, gold aura
A: horns 3, foul stench 2, magic regeneration, sturdy frame 1
a: Renounce Religion, Potion Petition, Call Merchant, Bribe Branch


You were on level 1 of the Lair of Beasts.
You worshipped Gozag.
Gozag was aware of your devotion.
You visited 2 branches of the dungeon, and saw 9 of its levels.
You also visited: Bailey.

You collected 2200 gold pieces.
You spent 640 gold pieces at shops.
You paid 1187 gold pieces to Gozag.

Inventory:

Hand Weapons
 a - the +3 quick blade "Emuereod" {vamp, rC+ Will+ Int+3}
   (You bought it in a shop on level 4 of the Dungeon)

   It occasionally heals its wielder for a portion of the damage dealt when it
   wounds a living foe.
   Int:       It affects your intelligence (+3).
   rC:        It protects you from cold.
   Will:      It increases your willpower.
 d - a +0 dagger
 f - a +0 sling
 n - a +0 trident
 s - a +2 vorpal war axe
 C - a +1 hand axe of flaming
 O - a +2 vampiric halberd
Missiles
 o - 9 boomerangs
 r - 7 poisoned darts
 u - 4 datura-tipped darts
 D - 2 atropa-tipped darts
 G - 2 silver javelins
Armour
 c - the +1 leather armour "Zaafot" {Will+ Str+3}
   (You found it in a bailey)

   Str:       It affects your strength (+3).
   Will:      It increases your willpower.
 k - a +0 pair of gloves (worn)
 l - a +0 cloak (worn)
 m - a +0 pair of boots (worn)
 z - a +2 ring mail of cold resistance
 M - a +3 leather armour of cold resistance
 N - the +0 leather armour "Hummebaokina" (worn) {Int+3 SInv}
   (You found it in a bailey)

   Int:       It affects your intelligence (+3).
   SInv:      It lets you see invisible.
 P - a +0 ring mail of fire resistance
 R - a +2 scale mail of cold resistance
Magical Staves
 e - a staff of cold
 F - a staff of death
 I - a staff of air
 L - a staff of poison (weapon)
Jewellery
 p - a ring of poison resistance
 w - the ring of Internal Strife {rN+ Dex+6}
   (You found it on level 3 of the Dungeon)

   [ring of dexterity]

   Dex:       It affects your dexterity (+6).
   rN:        It protects you from negative energy.
 Q - the ring of Badydeis {Str+6 Dex+6}
   (You took it off an orc on level 7 of the Dungeon)

   [ring of dexterity]

   Str:       It affects your strength (+6).
   Dex:       It affects your dexterity (+6).
Wands
 g - a wand of flame (10)
 x - a wand of iceblast (6)
 J - a wand of mindburst (10)
Scrolls
 q - 3 scrolls of identify
 v - a scroll of amnesia
 E - a scroll of vulnerability
 S - a scroll of blinking
Potions
 h - a potion of ambrosia
 i - a potion of flight
 j - 2 potions of degeneration
 t - a potion of curing {unknown}
 A - a potion of lignification {unknown}
 B - a potion of cancellation {unknown}
 H - 2 potions of heal wounds {unknown}
 K - a potion of resistance {unknown}
 T - a potion of mutation {unknown}
Miscellaneous
 b - a phial of floods


   Skills:
 + Level 6.9 Fighting
 * Level 7.1 Short Blades
 + Level 6.1 Dodging
 + Level 6.6 Stealth
 + Level 6.2 Spellcasting
 + Level 7.5 Conjurations
 + Level 3.3 Hexes
 * Level 4.4 Translocations


You had 12 spell levels left.
You knew the following spells:

 Your Spells              Type           Power      Damage    Failure   Level
a - Magic Dart            Conj           100%       1d8       1%          1
b - Searing Ray           Conj           94%        2d7       1%          2
c - Dazzling Flash        Conj/Hex       72%        N/A       2%          3
d - Iskenderun's Mystic   Conj/Tloc      39%        2d9       6%          4

Your spell library contained the following spells:

 Spells                   Type           Power      Damage    Failure   Level
 Apportation              Tloc           62%        N/A       1%          1
 Gell's Gravitas          Tloc           31%        N/A       3%          3
 Freeze                   Ice            32%        1d5       8%          1
 Summon Small Mammal      Summ           32%        N/A       8%          1
 Fulminant Prism          Conj/Hex       18%        3d11      8%          4
 Call Imp                 Summ           8%         N/A       11%         2
 Summon Guardian Golem    Hex/Summ       16%        N/A       11%         3
 Passage of Golubria      Tloc           31%        N/A       12%         4
 Hailstorm                Conj/Ice       27%        3d7       16%         4
 Frozen Ramparts          Ice            16%        1d3       22%         3
 Alistair's Intoxication  Tmut/Pois      8%         N/A       90%         5
 Borgnjor's Vile Clutch   Necr/Erth      4%         N/A       90%         5
 Death Channel            Necr           4%         N/A       100%        6
 Haunt                    Necr/Summ      4%         N/A       100%        7
 Monstrous Menagerie      Summ           4%         N/A       100%        7
 Disjunction              Tloc           15%        N/A       100%        8
 Animate Dead             Necr           Unusable   N/A       N/A         4

Dungeon Overview and Level Annotations

Branches:
Dungeon (8/15)             Temple (0/1) D:5            Lair (1/5) D:8
 Bailey (visited)

Altars:
Dithmenos
Gozag
Qazlal
Uskayaw

Shops:
D:3 !   D:4 [*([

Annotations:
D:3 1 runed translucent door, Crazy Yiuf


Innate Abilities, Weirdness & Mutations

You have a pair of large horns on your head.
You sometimes emit foul miasma when damaged in melee.
You regenerate magic rapidly.
Your movements are slightly less encumbered by armour. (ER -2)


Message History

Confirm with . or Enter, or press ? or * to list all spells.
Aiming: Searing Ray (safe; 1% risk of failure)
Press: ? - help, Shift-Dir - straight line, f - bullfrog, p - black mamba
Aim: a bullfrog (moderately wounded, 79% to hit)
The searing ray hits the black mamba!
The black mamba is heavily wounded.
The searing ray hits the bullfrog!
The bullfrog is severely wounded. (Press . to maintain the ray.)
The black mamba bites you!
You are poisoned.
The black mamba poisons you! The black mamba bites you!
Okay, then.
You feel the dreadful sensation subside.
L - a staff of poison (weapon)
You feel sick. The black mamba bites you!
Casting: Searing Ray (safe; 1% risk of failure)
Confirm with . or Enter, or press ? or * to list all spells.
Aiming: Searing Ray (safe; 1% risk of failure)
Press: ? - help, Shift-Dir - straight line, f/p - bullfrog
Aim: a bullfrog (severely wounded, 77% to hit)
The searing ray hits the black mamba!
The black mamba is almost dead.
The searing ray hits the bullfrog!
You kill the bullfrog! (Press . to maintain the ray.)
You feel very sick. The black mamba bites you!
* * * LOW HITPOINT WARNING * * *
You are more poisoned.
The black mamba poisons you!
Okay, then.
It was a potion of ambrosia.
You are confused.
You feel invigorated.
* * * LOW HITPOINT WARNING * * *
You feel extremely sick. The black mamba barely misses you.
The black mamba bites you!
You die...
Your body crumbles into a pile of gold.

#..##..##..###..♣
#..#...##..#.#..♣
$.#...#......♣♣ ~
#.......♣ ~~
#..#.#..#♣♣ ~~~
#. ##.....♣♣ ....
# ##.....♣ .....
#..##.♣♣##♣......
#..@S$...........
$
#..##............
#..#P..###.......
#.>##...# .......
#..#P?..# ...##.$
#..##..## ..## $.
#.. #..# ..# #..
#..# ..# $ #..#


You could see a black mamba.

Vanquished Creatures
  3 cyclopes (D:7)
  A black mamba (Lair:1)
  A gargoyle (Bailey)
  A rime drake (Lair:1)
  A kobold demonologist (D:7)
  A komodo dragon (Lair:1)
  An unseen horror (D:7)
  A shadow (D:7)
  2 vampires
  A wyvern (Lair:1)
  A vampire mosquito (D:7)
  2 acid dragons
  3 water moccasins
  3 orc warriors
  2 sky beasts
  A black bear (D:7)
  3 ice beasts
  3 centaurs
  4 ogres
  2 phantoms (D:7)
  9 bullfrogs
  4 necrophages
  A scorpion (D:6)
  5 killer bees
  6 wolf zombies (Bailey)
  7 vampire bats (Bailey)
  2 orc priests
  A hound (D:7)
  3 iguanas
  4 jellies
  A gnoll bouda (D:7)
  Jessica (D:2)
  Terence (D:3)
  3 orc wizards
  10 gnolls (D:7)
  5 adders
  2 shadow imps
  2 white imps
  4 ufetubi
  A worm (D:5)
  3 dart slugs
  32 orcs
  4 ball pythons
  5 endoplasms
  4 giant cockroaches
  7 goblins
  10 hobgoblins
  A jackal (D:3)
  5 quokkas
  4 bats
  A frilled lizard (D:3)
  A kobold (D:1)
  16 orc zombies (Bailey)
  3 rats
205 creatures vanquished.

Vanquished Creatures (collateral kills)
  A two-headed ogre (D:7)
  3 slime creatures (D:7)
  A kobold brigand (D:7)
  An orc priest (D:7)
6 creatures vanquished.

Vanquished Creatures (others)
  5 fungi
  4 plants (D:1)
  4 toadstools (Lair:1)
13 creatures vanquished.

Grand Total: 224 creatures vanquished

Notes
Turn   | Place    | Note
-------+----------+-------------------------------------------
     0 | D:1      | croobank the Demonspawn Conjurer began the quest for the
                  | Orb.
     0 | D:1      | Reached XP level 1. HP: 13/13 MP: 3/3
   558 | D:1      | Gained mutation: You have a pair of small horns on your
                  | head. [demonic ancestry]
   558 | D:1      | Reached XP level 2. HP: 19/19 MP: 5/5
   733 | D:1      | Learned a level 2 spell: Searing Ray
  1301 | D:1      | Gained mutation: You may rarely emit foul miasma when
                  | damaged in melee. [demonic ancestry]
  1301 | D:1      | Reached XP level 3. HP: 24/24 MP: 3/6
  1305 | D:1      | Learned a level 3 spell: Dazzling Flash
  1371 | D:1      | Found a faded altar of an unknown god.
  1416 | D:1      | You fall into a shaft and drop 1 floor!
  2545 | D:2      | Noticed Jessica
  2550 | D:2      | Killed Jessica
  2609 | D:2      | Found a stormy altar of Qazlal.
  2784 | D:3      | Identified the +3 robe of Qiatrum {Str-5 Int+2 Slay+3}
  2975 | D:3      | Gained mutation: You have a pair of horns on your head.
                  | [demonic ancestry]
  2975 | D:3      | Reached XP level 4. HP: 30/30 MP: 3/7
  3166 | D:3      | Found Ciometh's Distillery.
  3557 | D:3      | Found a shadowy altar of Dithmenos.
  3763 | D:3      | Found an opulent altar of Gozag.
  3764 | D:3      | Noticed Terence
  3771 | D:3      | Killed Terence
  3773 | D:3      | Became a worshipper of Gozag Ym Sagoz the Greedy
  3913 | D:3      | Identified the ring of Internal Strife {rN+ Dex+6}
  4391 | D:3      | Found a runed translucent door.
  4392 | D:3      | Noticed Crazy Yiuf
  4614 | D:4      | Found Axkil's Antique Weapon Shoppe.
  4670 | D:4      | Gained mutation: You sometimes emit foul miasma when
                  | damaged in melee. [demonic ancestry]
  4670 | D:4      | Reached XP level 5. HP: 21/35 MP: 1/9
  4832 | D:4      | Noticed an ogre
  4838 | D:4      | Killed an ogre
  5028 | D:4      | Found Qosyvuoc's Antique Armour Shoppe.
  5086 | D:4      | Noticed a +0 short sword
  5086 | D:4      | Noticed a +0 spear
  5086 | D:4      | Noticed a +0 spear
  5086 | D:4      | Noticed a +0 falchion
  5086 | D:4      | Noticed a +0 dagger
  5086 | D:4      | Noticed a +0 short sword
  5086 | D:4      | Noticed a +0 falchion
  5086 | D:4      | Noticed a +0 dagger
  5095 | D:4      | Found Xorrium's Armour Shop.
  5278 | D:4      | Found a hide-covered altar of Uskayaw.
  5489 | D:4      | Found Goah Vei's Fire Supplies.
  5518 | D:4      | Noticed an ogre
  5530 | D:4      | Killed an ogre
  5531 | D:4      | Reached skill level 5 in Conjurations
  5531 | D:4      | Gained mutation: You regenerate magic rapidly. [demonic
                  | ancestry]
  5531 | D:4      | Reached XP level 6. HP: 11/41 MP: 2/11
  5774 | D:4      | Identified a scroll of acquirement
  5774 | D:4      | Acquired 589 gold pieces
  5822 | D:4      | Bought an encrusted quick blade for 640 gold pieces
  5822 | D:4      | Identified the +3 quick blade "Emuereod" {vamp, rC+ Will+
                  | Int+3} (You bought it in a shop on level 4 of the Dungeon)
  5985 | D:5      | Entered Level 5 of the Dungeon
  6413 | D:5      | Reached skill level 1 in Fighting
  6413 | D:5      | Reached skill level 1 in Short Blades
  6735 | D:5      | Found a staircase to the Ecumenical Temple.
  6762 | D:5      | Noticed an acid dragon
  7080 | D:5      | Killed an acid dragon
  7081 | D:5      | Reached XP level 7. HP: 45/49 MP: 5/12
  7893 | D:6      | Reached XP level 8. HP: 16/58 MP: 0/14
  8412 | D:6      | Got the Almanac of Companions
  8881 | D:7      | Found a flagged portal.
  8925 | Bailey   | Entered a bailey
  9873 | Bailey   | Reached skill level 5 in Stealth
  9873 | Bailey   | Gained mutation: Your movements are slightly less
                  | encumbered by armour. (ER -2) [demonic ancestry]
  9873 | Bailey   | Reached XP level 9. HP: 64/66 MP: 16/16
  9895 | Bailey   | Identified the +1 leather armour "Zaafot" {Will+ Str+3}
 10371 | Bailey   | Noticed a gargoyle
 10396 | Bailey   | Killed a gargoyle
 10397 | Bailey   | Reached skill level 5 in Fighting
 10807 | Bailey   | Reached skill level 5 in Short Blades
 10807 | Bailey   | Reached skill level 5 in Spellcasting
 11092 | Bailey   | Identified the +0 leather armour "Hummebaokina" {Int+3
                  | SInv}
 11235 | D:7      | Reached skill level 5 in Dodging
 11390 | D:7      | Noticed a two-headed ogre
 11396 | D:7      | Noticed a cyclops
 11397 | D:7      | Noticed a cyclops
 11514 | D:7      | Learned a level 4 spell: Iskenderun's Mystic Blast
 11698 | D:7      | Noticed an unseen horror
 11716 | D:7      | Killed an unseen horror
 11717 | D:7      | Reached skill level 1 in Translocations
 11772 | D:7      | Reached skill level 1 in Hexes
 12017 | D:7      | Gained mutation: You have a pair of large horns on your
                  | head. [demonic ancestry]
 12017 | D:7      | Reached XP level 10. HP: 70/76 MP: 18/18
 12170 | D:7      | Noticed a cyclops
 12186 | D:7      | Killed a cyclops
 12201 | D:7      | Killed a cyclops
 12223 | D:7      | Got the Compilation of Coordinates
 12351 | D:7      | Killed a cyclops
 12679 | D:7      | Killed a two-headed ogre
 13125 | D:7      | Identified the ring of Badydeis {Str+6 Dex+6}
 13341 | D:7      | Reached XP level 11. HP: 83/83 MP: 15/20
 13396 | D:7      | Identified the +5 war axe of Extinguishment {freeze, Fly
                  | Int+6}
 14478 | D:8      | Found a staircase to the Lair.
 14497 | Lair:1   | Entered Level 1 of the Lair of Beasts
 14893 | Lair:1   | Mangled by a black mamba

Illustrated notes

Levels and vault maps discovered:
D:1:      onia_arrival_mini_maze_b, layout_basic,
          dilly_ecumenical_altar_fadedgnrine, corexii_leaking_fountain,
          corexii_hall_statues_deadend
D:2:      layout_basic, basic_altar, uniq_jessica
D:3:      layout_loops_corners, nicolae_dithmenos_the_darkroom,
          nicolae_overflow_crystal_walls, serial_shops, nicolae_shop_crystal,
          corner_web_ring, nrook_uturn, fountainhead, st_stairs_9,
          grunt_ministairs_14, minmay_misc_feat_tower, uniq_crazy_yiuf_cottage,
          uniq_terence
D:4:      layout_loops_ring, nicolae_uskayaw_en_pointe, serial_shops, shop,
          nicolae_stop_n_shop_1, shop, st_stairs_2, nicolae_shop_fire_sale
          [nicolae_sub_dead_trees], hangedman_abyss_or_decor_lesser_grid
D:5:      layout_loops_ring, temple_green, enter_ossuary_1, minivault_14,
          wad_floor_pattern_1, dk_noncrumbling_3
D:6:      layout_loops_corners, zin_academy
D:7:      minmay_the_grid_octo_tiled_squarecenter
          [minmay_the_grid_octo_pinwheel, minmay_the_grid_octo_checkered,
          minmay_the_grid_octo_fat_diamond, minmay_the_grid_octo_clover_2,
          minmay_the_grid_square_5x5_megaprize_open,
          minmay_the_grid_square_5x5_gyroscope,
          minmay_the_grid_square_5x5_fancy_junction,
          minmay_the_grid_square_5x5_checkered_sparse,
          minmay_the_grid_square_5x5_inner_i], layout_loops_ring,
          lightli_bailey_entry_fortress, minmay_misc_feat_encased,
          kennysheep_cross_bottleneck
D:8:      nicolae_cairo_tiling, layout_rooms, lair_entry_dummy, nicolae_titane,
          uniq_gastronok
Lair:1:   gammafunk_lair_enchanted_lake, layout_long_grid, gammafunk_ghost_grave

Skill      XL: |  1  2  3  4  5  6  7  8  9 10 11 |
---------------+----------------------------------+-----
Stealth        | 2 3 4 5 6 |  6.6
Dodging        | 2 3 4 5 6 |  6.1
Spellcasting   | 3 4 5 6 |  6.2
Conjurations   | 5 6 7 |  7.5
Fighting       | 1 3 4 6 |  6.9
Short Blades   | 1 2 4 5 6 7 |  7.1
Translocations | 1 3 4 |  4.4
Hexes          | 1 2 3 |  3.3

Action                   |  1- 3 |  4- 6 |  7- 9 | 10-12 || total
-------------------------+-------+-------+-------+-------++-------
Melee: Dagger            |    40 |    29 |       |       ||    69
       Headbutt          |    13 |    11 |    26 |     9 ||    59
       Punch             |     1 |     1 |     2 |     3 ||     7
       Quick blade       |       |    45 |   140 |    48 ||   233
 Cast: Magic Dart        |    29 |    16 |    23 |    11 ||    79
       Searing Ray       |     9 |    21 |    58 |    45 ||   133
       Dazzling Flash    |       |     1 |     2 |     7 ||    10
       Iskenderun's Myst |       |       |       |     3 ||     3
Invok: Potion Petition   |       |       |     2 |     2 ||     4
Evoke: Wand              |       |     1 |     9 |       ||    10
  Use: Scroll            |       |    11 |     4 |     3 ||    18
       Potion            |       |       |     5 |     4 ||     9
 Stab: Sleeping          |     3 |     5 |     7 |     2 ||    17
       Invisible         |       |       |     1 |     4 ||     5
       Distracted        |       |       |       |     1 ||     1
Armor: Robe              |     7 |    22 |    25 |       ||    54
       Leather armour    |       |       |    23 |    21 ||    44
Dodge: Dodged            |    20 |    79 |   117 |    63 ||   279
